 Dungeon Crawl Stone Soup version 0.21.1-1-g345015f (webtiles) character file.

4420 shitimlost the Covert (level 10, -13/114 HPs)
             Began as a Vampire Assassin on Mar 24, 2018.
             Was a Follower of Uskayaw.
             Mangled by Gastronok (28 damage)
             ... on level 8 of the Dungeon.
             The game lasted 00:37:42 (14657 turns).

shitimlost the Covert (Vampire Assassin)           Turns: 14657, Time: 00:37:42

Health: -13/114    AC: 25    Str: 13    XL:     10   Next: 14%
Magic:  10/10      EV:  2    Int: 14    God:    Uskayaw [*.....]
Gold:   129        SH:  4    Dex: 19    Spells: 7/9 levels left

rFire    . . .     SeeInvis +   Q - +4 long sword of Domination {flame, Dex+3}
rCold    . . .     Gourm    .   w - +0 buckler
rNeg     + + +     Faith    +   (armour currently unavailable)
rPois    +         Spirit   .   (helmet currently unavailable)
rElec    .         Reflect  .   (cloak currently unavailable)
rCorr    .         Harm     .   (gloves currently unavailable)
MR       +....     NoTele   +   (boots currently unavailable)
Stlth    +++++.....             q - amulet of faith
HPRegen  0.29/turn              (no ring)
MPRegen  0.12/turn              (no ring)

@: tree-form
A: see invisible
a: Bat Form, Stomp, Renounce Religion


You were on level 8 of the Dungeon.
You worshipped Uskayaw.
Uskayaw was noncommittal.
You were not thirsty.
You were a tree.
You visited 2 branches of the dungeon, and saw 9 of its levels.

You collected 573 gold pieces.
You spent 444 gold pieces at shops.

Inventory:

Hand Weapons
 a - a +2 dagger
 b - a +0 blowgun
 m - a +1 trident of freezing
 u - a +0 short sword
 A - a +1 mace of draining
 H - a +0 hunting sling
 Q - the +4 long sword of Domination (weapon) {flame, Dex+3}
   (You found it on level 6 of the Dungeon)

   It has been specially enchanted to burn those struck by it, causing extra
   injury to most foes and up to half again as much damage against particularly
   susceptible opponents.
   Big, fiery blades are also staple armaments of hydra-hunters.
   It affects your dexterity (+3).
 Y - a cursed +2 battleaxe
Missiles
 e - 54 poisoned needles
 f - a curare-tipped needle
 i - 76 sling bullets
 p - 249 stones
 r - 6 needles of frenzy
 M - 8 tomahawks (quivered)
 Z - 7 steel javelins
Armour
 d - a +1 cloak (melded)
 w - a +0 buckler (worn)
 z - a +0 chain mail
 S - a +1 scale mail of poison resistance
 U - the +1 leather armour of the Iron Devil (melded) {-Cast Regen+ Stlth+}
   (You found it on level 7 of the Dungeon)

   It prevents spellcasting.
   It increases your rate of regeneration.
   It makes you more stealthy.
Jewellery
 q - an amulet of faith (around neck)
Wands
 c - a wand of enslavement (18)
 I - a wand of acid (3)
 J - a wand of iceblast (11)
Scrolls
 j - 2 scrolls of teleportation
 s - 4 scrolls of remove curse
 x - a scroll of summoning
 B - 2 scrolls of enchant weapon
 F - 2 scrolls of enchant armour
 L - a scroll of blinking
 O - a scroll of amnesia
 T - 2 scrolls of identify
Potions
 g - 3 potions of blood
 n - a potion of invisibility
 o - a potion of berserk rage
 t - a potion of cancellation
 v - 2 potions of degeneration
 C - a potion of agility
 D - a potion of brilliance
 E - a potion of flight
 G - a potion of magic
 N - 2 potions of lignification
 R - a potion of mutation
 V - a potion of curing
Books
 W - a book of Minor Magic

   Spells                             Type                      Level
   a - Magic Dart                     Conjuration                  1
   b - Blink                          Translocation                2
   c - Call Imp                       Summoning                    2
   d - Slow                           Hexes                        2
   e - Conjure Flame                  Conjuration/Fire             3
   f - Mephitic Cloud                 Conjuration/Poison/Air       3


   Skills:
 + Level 6.1 Fighting
 - Level 6.1(6.6) Short Blades
 + Level 3.5(5.0) Long Blades
 + Level 5.5 Throwing
 + Level 3.0 Armour
 - Level 5.4 Dodging
 + Level 11.3 Stealth
 + Level 2.6 Translocations


You had 7 spell levels left.
You knew the following spells:

 Your Spells              Type           Power        Failure   Level  Hunger
a - Blink                 Tloc           N/A          26%         2    ###....


Dungeon Overview and Level Annotations

Branches:
Dungeon (8/15)             Temple (1/1) D:7
   Lair: D:8-11

Altars:
Fedhas
Gozag
Hepliaklqana
Kikubaaqudgha
Makhleb
Nemelex Xobeh
Okawaru
Qazlal
Trog
Uskayaw
Wu Jian
Xom

Shops:
D:5 %   D:6 ?   D:7 *[*[%

Annotations:
D:3 Unforgiven's ghost, amateur OpCj
D:8 Gastronok


Innate Abilities, Weirdness & Mutations

((You have razor-sharp teeth.))
You have supernaturally acute eyesight. (SInv)
((You can survive without breathing.))


Message History

A gnoll comes into view. It is wielding a flail.
Gastronok waves his eye-stalks in wide circles.
The air twists around and strikes you! Gastronok bites you!!
* * * LOW HITPOINT WARNING * * *
You hear a shout!
You slash Gastronok! You burn Gastronok.
Gastronok is severely wounded.
You hear a shout!
You hit Gastronok. You burn Gastronok. You bite Gastronok.
Gastronok is severely wounded.
Gastronok's eyestalks quiver as he mumbles some strange words.
You feel sluggish.
You turn into a tree.
Your +1 cloak melds into your body.
The +1 leather armour of the Iron Devil {-Cast Regen+ Stlth+} melds into your body.
Your roots penetrate the ground.
You slash Gastronok! You burn Gastronok.
Gastronok is severely wounded.
Gastronok bites you!!
You die...

##.#.## ..?..
#######'#.#
#g........#
.g........#
#.........# ..
g..g....#.#
....#########.#.#
........((((.♣..#
...####......w###
... #.#######
...####.#
###########
........#
#........%#
........#
#.#######.#
........#######.#
#.#
........#<......#
#.#
........#########
#.#


You could see Gastronok.

Vanquished Creatures
  A death yak (D:8)
  Pikel (D:7)
  Prince Ribbit (D:7)
  A hippogriff (D:7)
  A wyvern (D:5)
  A yak (D:8)
  A spriggan (D:7)
  Duvessa (D:7)
  An orc warrior (D:2)
  2 ice beasts
  A sky beast (D:8)
  A slave (D:7)
  A black bear (D:7)
  3 phantoms
  2 ogres
  2 centaurs
  Blork the orc (D:6)
  2 bullfrogs (D:7)
  A water moccasin zombie (D:6)
  Dowan (D:7)
  A wyvern skeleton (D:6)
  A scorpion (D:7)
  4 wights (D:7)
  A crimson imp (D:7)
  A bullfrog zombie (D:5)
  A jelly (D:2)
  A gnoll shaman (D:6)
  Crazy Yiuf (D:5)
  4 hounds
  2 orc wizards (D:4)
  A centaur skeleton (D:5)
  2 bullfrog skeletons (D:8)
  An iguana (D:6)
  6 worker ants
  3 gnolls (D:6)
  9 adders
  An ooze (D:2)
  2 adder skeletons
  An adder zombie (D:5)
  4 worms
  A dart slug (D:2)
  10 leopard geckos
  9 orcs
  8 giant cockroaches
  5 goblins
  6 hobgoblins
  7 jackals (D:6)
  9 kobolds
  5 quokkas
  2 ball pythons
  A ball python skeleton (D:4)
  5 bats
  6 frilled lizards
  A jackal skeleton (D:5)
  12 rats
160 creatures vanquished.

Vanquished Creatures (others)
  11 toadstools (D:2)
11 creatures vanquished.

Grand Total: 171 creatures vanquished

Notes
Turn   | Place    | Note
-------+----------+-------------------------------------------
     0 | D:1      | shitimlost the Vampire Assassin began the quest for the Orb.
     0 | D:1      | Reached XP level 1. HP: 16/16 MP: 1/1
   182 | D:1      | Reached skill level 6 in Stealth
   261 | D:1      | Reached XP level 2. HP: 22/22 MP: 2/2
  1056 | D:2      | Reached XP level 3. HP: 18/27 MP: 3/3
  1747 | D:2      | Reached XP level 4. HP: 34/34 MP: 4/4
  2104 | D:2      | Noticed an orc warrior
  3306 | D:3      | Noticed Unforgiven's ghost (amateur OpCj)
  4550 | D:2      | Killed an orc warrior
  4550 | D:2      | Reached skill level 7 in Stealth
  4550 | D:2      | Reached XP level 5. HP: 12/40 MP: 1/5
  5524 | D:4      | Reached XP level 6. HP: 31/46 MP: 6/6
  5836 | D:4      | Found a shimmering altar of Xom.
  5851 | D:4      | Found an iron altar of Okawaru.
  6785 | D:5      | Entered Level 5 of the Dungeon
  6847 | D:5      | Found a runed door.
  6918 | D:5      | Reached XP level 7. HP: 45/52 MP: 7/7
  6968 | D:5      | Reached skill level 8 in Stealth
  7584 | D:5      | Found Voshak's Food Boutique.
  7689 | D:5      | Noticed a wyvern
  7705 | D:5      | Killed a wyvern
  7705 | D:5      | Reached XP level 8. HP: 21/60 MP: 8/8
  8491 | D:5      | Noticed Crazy Yiuf
  8542 | D:5      | Killed Crazy Yiuf
  8542 | D:5      | Reached skill level 5 in Short Blades
  9281 | D:6      | Reached skill level 9 in Stealth
  9826 | D:6      | Found Caavvulol's Magic Scroll Shop.
 10438 | D:6      | Reached skill level 5 in Dodging
 10445 | D:6      | Bought a scroll of enchant weapon for 97 gold pieces
 10445 | D:6      | Bought a scroll of summoning for 123 gold pieces
 10445 | D:6      | Bought a scroll of blinking for 97 gold pieces
 10445 | D:6      | Bought 2 scrolls of identify for 52 gold pieces
 10603 | D:6      | Noticed Blork the orc
 10684 | D:6      | Killed Blork the orc
 11451 | D:6      | Got a translucent long sword
 11458 | D:6      | Identified the +4 long sword of Domination {flame, Dex+3} (You found it on level 6 of the Dungeon)
 11833 | D:7      | Found Vuilaunk's Assorted Antiques.
 11836 | D:7      | Bought a fizzy red potion for 23 gold pieces
 11836 | D:7      | Bought a scroll of identify for 52 gold pieces
 11891 | D:7      | Found Derih's Armour Shop.
 11958 | D:7      | Got a scorched leather armour
 11981 | D:7      | Identified the +1 leather armour of the Iron Devil {-Cast Regen+ Stlth+} (You found it on level 7 of the Dungeon)
 11982 | D:7      | Noticed Prince Ribbit
 11992 | D:7      | Killed Prince Ribbit
 11992 | D:7      | Reached skill level 5 in Fighting
 11992 | D:7      | Reached skill level 1 in Armour
 11992 | D:7      | Reached skill level 10 in Stealth
 11992 | D:7      | Reached XP level 9. HP: 25/68 MP: 9/9
 12018 | D:7      | Found Nailo Xon's Armour Shop.
 12378 | D:7      | Found Beoddav's Food Emporium.
 12393 | D:7      | Learned a level 2 spell: Blink
 12479 | D:7      | Reached skill level 1 in Long Blades
 12543 | D:7      | Found a staircase to the Ecumenical Temple.
 12556 | Temple   | Entered the Ecumenical Temple
 12600 | Temple   | Became a worshipper of Uskayaw the Reveler
 12646 | D:7      | Reached * piety under Uskayaw
 12774 | D:7      | Noticed Pikel
 12791 | D:7      | Reached ** piety under Uskayaw
 12795 | D:7      | Killed Pikel
 12795 | D:7      | Reached skill level 5 in Throwing
 12795 | D:7      | Reached skill level 1 in Translocations
 12795 | D:7      | Reached *** piety under Uskayaw
 12843 | D:7      | Found an opulent altar of Gozag.
 12843 | D:7      | Noticed Duvessa
 12847 | D:7      | Noticed Dowan
 12858 | D:7      | Killed Duvessa
 12864 | D:7      | Killed Dowan
 12886 | D:7      | Found an ancient bone altar of Kikubaaqudgha.
 12894 | D:7      | Found a blossoming altar of Fedhas.
 12979 | D:7      | Found Ixaezies's General Store.
 13367 | D:8      | Reached skill level 11 in Stealth
 13785 | D:8      | Noticed a death yak
 13787 | D:8      | Noticed a death yak
 13789 | D:8      | Reached **** piety under Uskayaw
 13796 | D:8      | Noticed a death yak
 13811 | D:8      | Killed a death yak
 13811 | D:8      | Reached XP level 10. HP: 13/76 MP: 7/10
 14574 | D:8      | Noticed Gastronok
 14657 | D:8      | Mangled by Gastronok

Skill      XL: |  1  2  3  4  5  6  7  8  9 |
---------------+----------------------------+-----
Stealth        | 6 7 8 10 11 | 11.3
Fighting       | 2 3 4 5 6 |  6.1
Throwing       | 2 3 4 5 |  5.5
Dodging        | 2 3 4 5 |  5.4
Short Blades   | 3 4 6 |  6.1
Armour         | 1 3 |  3.0
Long Blades    | 3 |  3.5
Translocations | 2 |  2.6

Action                   |  1- 3 |  4- 6 |  7- 9 | 10-12 || total
-------------------------+-------+-------+-------+-------++-------
Melee: Dagger            |    76 |    91 |   117 |     2 ||   286
       Bite              |     5 |    21 |    36 |     3 ||    65
       Trident           |       |    22 |   114 |       ||   136
       Unarmed           |       |     3 |       |       ||     3
       Mace              |       |    57 |    23 |       ||    80
       Long sword        |       |       |    94 |     6 ||   100
 Fire: Blowgun           |       |    27 |    46 |     9 ||    82
       Hunting sling     |       |       |     2 |       ||     2
Throw: Tomahawk          |       |     8 |     8 |       ||    16
       Stone             |       |       |    10 |       ||    10
Invok: Line Pass         |       |       |       |     1 ||     1
 Abil: End Transformatio |     1 |    10 |    14 |     3 ||    28
       Bat Form          |     1 |    10 |    14 |     3 ||    28
Evoke: Wand              |       |       |     7 |     1 ||     8
  Use: Potion            |     2 |     7 |    14 |     3 ||    26
       Scroll            |       |    10 |    12 |     1 ||    23
 Stab: Sleeping          |     8 |    10 |    21 |     1 ||    40
       Distracted        |       |     1 |     1 |       ||     2
       Paralysed         |       |       |     1 |       ||     1
  Eat: Corpse            |     1 |     4 |     3 |       ||     8
Armor: Robe              |     3 |       |       |       ||     3
       Leather armour    |    21 |    40 |    69 |     1 ||   131
       Scale mail        |       |       |     2 |       ||     2
Dodge: Dodged            |    55 |   121 |   194 |    11 ||   381
Block: Buckler           |       |    16 |    46 |       ||    62
       Rpst.: Long sword |       |       |    17 |       ||    17
